 Dungeon Crawl Stone Soup version 0.22.0-1-g6561e4c (webtiles) character file.

1796 drasked the Cleaver (level 8, -9/96 HPs)
             Began as a Minotaur Berserker on Aug 12, 2018.
             Was a High Priest of Trog.
             Killed from afar by an oklob plant (11 damage)
             ... with a splash of acid
             ... on level 6 of the Dungeon.
             The game lasted 00:18:16 (6405 turns).

drasked the Cleaver (Minotaur Berserker)            Turns: 6405, Time: 00:18:17

Health: -9/96      AC: 14    Str: 26    XL:     8   Next: 83%
Magic:  7/7        EV:  9    Int:  6    God:    Trog [*****.]
Gold:   391        SH:  0    Dex: 11    Spells: 7/7 levels left

rFire    . . .     SeeInvis .   t - -1 hand axe (curse)
rCold    + . .     Gourm    .   (no shield)
rNeg     . . .     Faith    .   j - +0 chain mail
rPois    .         Spirit   .   (helmet restricted)
rElec    .         Reflect  .   (no cloak)
rCorr    .         Harm     .   s - +1 pair of gloves
MR       .....                  (no boots)
Stlth    ..........             (no amulet)
HPRegen  0.26/turn              h - ring of protection from cold {rC+, !d}
MPRegen  0.10/turn              f - +5 ring of protection

@: berserking, corroded, starving, very quick
A: retaliatory headbutt, horns 2
a: Berserk, Trog's Hand, Brothers in Arms, Renounce Religion


You were on level 6 of the Dungeon.
You worshipped Trog.
Trog was extremely pleased with you.
You were starving.

You visited 2 branches of the dungeon, and saw 7 of its levels.
You also visited: Sewer.

You collected 391 gold pieces.

Inventory:

Hand Weapons
 a - a cursed +0 war axe
   (You found it on level 5 of the Dungeon)
 r - a +0 war axe
   (You took it off an orc on level 4 of the Dungeon)
 t - a cursed -1 hand axe (weapon)
   (You took it off an orc on level 5 of the Dungeon)
Missiles
 g - 6 poisoned javelins (quivered)
Armour
 j - a +0 chain mail (worn)
   (You found it on level 1 of the Dungeon)
 s - a +1 pair of gloves (worn)
   (You found it on level 5 of the Dungeon)
Jewellery
 f - a +5 ring of protection (right hand)
   (You found it on level 3 of the Dungeon)
 h - a ring of protection from cold (left hand) {rC+, !d}
   (You found it on level 1 of the Dungeon)
Wands
 q - a wand of enslavement (12)
   (You found it on level 4 of the Dungeon)
 v - a wand of polymorph (12)
   (You took it off Ijyb on level 5 of the Dungeon)
 x - a wand of clouds (4)
   (You found it on level 6 of the Dungeon)
Scrolls
 b - 3 scrolls of teleportation
 d - a scroll of blinking {!r}
 k - a scroll of fear
 m - a scroll of identify
 p - a scroll of fog
Potions
 e - a potion of curing
 i - 4 potions of agility
 l - 2 potions of lignification {!q}
 n - a potion of brilliance
 o - 4 potions of cancellation
 w - a potion of flight
Comestibles
 c - 13 rations


   Skills:
 - Level 3.6 Fighting
 * Level 11.7 Axes
 + Level 7.9 Armour
 - Level 2.1 Dodging


You had 7 spell levels left.
You didn't know any spells.
Your spell library contained the following spells:

 Spells                   Type           Power        Failure   Level  Hunger
 Magic Dart               Conj           #...         95%         1    ##.....
 Apportation              Tloc           #.....       95%         1    ##.....
 Conjure Flame            Conj/Fire      #.......     100%        3    ####...
 Slow                     Hex            #.......     98%         2    ###....
 Confuse                  Hex            #.......     100%        3    ####...
 Mephitic Cloud           Conj/Pois/Air  #.......     100%        3    ####...
 Summon Small Mammal      Summ           #...         95%         1    ##.....
 Blink                    Tloc           N/A          98%         2    ###....
 Animate Skeleton         Necr           N/A          95%         1    ##.....
 Call Imp                 Summ           #.......     98%         2    ###....
 Confusing Touch          Hex            #.....       95%         1    ##.....
 Metabolic Englaciation   Hex/Ice        #.........   100%        5    ######.
 Petrify                  Tmut/Erth      #.......     100%        4    #####..
 Gell's Gravitas          Tloc           #.........   100%        3    ####...
 Yara's Violent Unravell  Hex/Tmut       #.........   100%        5    ######.


Dungeon Overview and Level Annotations

Branches:
Dungeon (6/15)             Temple (1/1) D:4

Altars:
Cheibriados
Dithmenos
Hepliaklqana
Kikubaaqudgha
Makhleb
Nemelex Xobeh
Okawaru
Qazlal
Ru
Sif Muna
Trog
Uskayaw
Vehumet
Xom
Yredelemnul
Zin
The Shining One

Annotations:
D:6 exclusion: oklob plant


Innate Abilities, Weirdness & Mutations

You reflexively headbutt those who attack you in melee.
You have a pair of horns on your head.


Message History

Orders for allies: a - Attack new target. r - Retreat! s - Stop attacking. g - Guard the area. f - Follow me.
Anything else - Cancel.
You shout for attention!
What are your orders? t - Shout!
Orders for allies: a - Attack new target. r - Retreat! s - Stop attacking. g - Guard the area. f - Follow me.
Anything else - Cancel.
You shout for attention!
What are your orders? t - Shout!
Orders for allies: a - Attack new target. r - Retreat! s - Stop attacking. g - Guard the area. f - Follow me.
Anything else - Cancel.
You shout for attention!
What are your orders? t - Shout!
Orders for allies: a - Attack new target. r - Retreat! s - Stop attacking. g - Guard the area. f - Follow me.
Anything else - Cancel.
You shout for attention!
What are your orders? t - Shout!
Orders for allies: a - Attack new target. r - Retreat! s - Stop attacking. g - Guard the area. f - Follow me.
Anything else - Cancel.
Stop fighting!
The ooze hits you but does no damage. The ooze hits you but does no damage.
The ooze hits you but does no damage.
You hit the ooze. You headbutt the ooze. You hit the ooze.
You headbutt the ooze.
You kill the ooze!
Trog accepts your kill.
You hit the jelly but do no damage.
Your hands burn!
* * * LOW HITPOINT WARNING * * *
The jelly hits you but does no damage.
You take 5 damage, and have 14/64 hp.
You hit the jelly but do no damage.
Your hands burn!
* * * LOW HITPOINT WARNING * * *
You take 5 damage, and have 9/64 hp.
You slash the jelly!
Your hands burn!
* * * LOW HITPOINT WARNING * * *
You headbutt the jelly.
You kill the jelly!
Trog accepts your kill.
You take 1 damage, and have 8/64 hp.
You start resting.
All of the chunks of flesh in your inventory have rotted away.
You are feeling hungry.
You regained 7 hp, and now have 17/64 hp.
You start resting.
You are feeling very hungry.
You regained 36 hp, and now have 53/64 hp.
Really walk into a travel-excluded area?
The oklob plant spits acid at you. The splash of acid hits you!
You are splashed with acid!
The acid burns!
You take 14 damage, and have 41/64 hp.
MASSIVE DAMAGE!!
The oklob plant spits acid at you. The splash of acid hits you!
You are splashed with acid!
The acid burns!
There is an open door here.
You take 6 damage, and have 35/64 hp.
The oklob plant spits acid at you. The splash of acid hits you!
The acid corrodes you!
You are splashed with acid!
The acid burns!
* * * LOW HITPOINT WARNING * * *
You take 22 damage, and have 13/64 hp.
MASSIVE DAMAGE!!
Okay, then.
You hit the oklob plant.
You headbutt the oklob plant, but do no damage.
A red film seems to cover your vision as you go berserk!
You feel yourself moving faster!
You feel mighty!
You are starving!
The oklob plant spits acid at you. The splash of acid hits you!
* * * LOW HITPOINT WARNING * * *
You are splashed with acid!
The acid burns!
* * * LOW HITPOINT WARNING * * *
You now have 2/96 hp.
You hit the oklob plant.
You headbutt the oklob plant, but do no damage.
You slash the oklob plant!
You headbutt the oklob plant, but do no damage.
You hit the oklob plant.
You headbutt the oklob plant, but do no damage.
You hit the oklob plant. You slash the oklob plant!
You headbutt the oklob plant. You hit the oklob plant.
You headbutt the oklob plant, but do no damage.
The oklob plant spits acid at you. The splash of acid hits you!
You die...

#.# #......
#.# #.##...
#.# #.##...
#.# #.##...
#.# #.##..#
##### #.#
####...
###...####.#
###8###..
#.......##.#
#._._.#.#
#...P@..'..#
##...##.#
#.......####
#...##.#
###...###
##[##...
#####
#)...##
######


You could see an oklob plant.

Vanquished Creatures
  An ice beast (D:6)
  2 ogres
  A centaur (D:6)
  3 bullfrogs
  A wyvern zombie (D:5)
  4 crimson imps
  6 jellies (D:6)
  2 centaur zombies (D:6)
  A hound (D:5)
  An orc priest (D:4)
  6 orc wizards
  Ijyb (D:5)
  Natasha (D:2)
  An iguana (D:4)
  3 worker ants
  Terence (D:3)
  A howler monkey zombie (D:5)
  10 adders
  27 oozes
  A dart slug (D:1)
  14 leopard geckos
  27 orcs
  19 ball pythons
  12 bats
  25 giant cockroaches
  7 goblins
  6 hobgoblins
  13 jackals
  4 kobolds
  2 quokkas
  10 frilled lizards
  A leopard gecko skeleton (D:5)
  A quokka skeleton (D:5)
  7 rats
222 creatures vanquished.

Vanquished Creatures (others)
  3 fungi (D:6)
3 creatures vanquished.

Grand Total: 225 creatures vanquished

Notes
Turn   | Place    | Note
-------+----------+-------------------------------------------
     0 | D:1      | drasked the Minotaur Berserker began the quest for the Orb.
     0 | D:1      | Reached XP level 1. HP: 19/19 MP: 0/0
   107 | D:1      | Reached skill level 4 in Axes
   115 | D:1      | Reached XP level 2. HP: 22/26 MP: 1/1
   576 | D:1      | Reached skill level 5 in Axes
   586 | D:1      | Reached ** piety under Trog
   764 | D:2      | Reached XP level 3. HP: 31/31 MP: 2/2
   818 | D:2      | Reached XP level 4. HP: 39/39 MP: 3/3
   819 | D:2      | Reached skill level 3 in Armour
  1438 | D:2      | Reached skill level 6 in Axes
  1462 | D:2      | Noticed Natasha
  1469 | D:2      | Killed Natasha
  1469 | D:2      | Reached *** piety under Trog
  1605 | D:3      | Found a glowing drain.
  1676 | Sewer    | Entered a sewer
  1740 | Sewer    | Reached XP level 5. HP: 44/45 MP: 4/4
  1814 | Sewer    | Received a gift from Trog
  1869 | Sewer    | Reached skill level 4 in Armour
  2030 | Sewer    | Reached skill level 7 in Axes
  2177 | Sewer    | Reached XP level 6. HP: 51/51 MP: 5/5
  2211 | Sewer    | Reached **** piety under Trog
  2253 | Sewer    | Reached skill level 8 in Axes
  2388 | D:3      | Found a deep blue altar of Sif Muna.
  2517 | D:3      | Found a sparkling altar of Nemelex Xobeh.
  2773 | D:3      | Reached skill level 5 in Armour
  3227 | D:3      | Noticed Terence
  3235 | D:3      | Killed Terence
  3235 | D:3      | Received a gift from Trog
  3326 | D:4      | Reached XP level 7. HP: 57/57 MP: 6/6
  3649 | D:4      | Reached skill level 9 in Axes
  4131 | D:4      | Found a staircase to the Ecumenical Temple.
  4229 | D:4      | Reached skill level 6 in Armour
  4386 | Temple   | Entered the Ecumenical Temple
  4546 | D:5      | Entered Level 5 of the Dungeon
  4571 | D:5      | Found a hide-covered altar of Uskayaw.
  4574 | D:5      | Found a sacrificial altar of Ru.
  4579 | D:5      | Noticed a hand axe
  4579 | D:5      | Noticed a dagger
  4773 | D:5      | Reached skill level 10 in Axes
  4773 | D:5      | Reached XP level 8. HP: 64/64 MP: 7/7
  4860 | D:5      | Found a bloodstained altar of Trog.
  4915 | D:5      | Noticed Ijyb
  4924 | D:5      | Killed Ijyb
  5461 | D:6      | Found a glowing golden altar of the Shining One.
  5473 | D:6      | Found an ancient bone altar of Kikubaaqudgha.
  5533 | D:6      | Reached skill level 7 in Armour
  5781 | D:6      | Reached skill level 11 in Axes
  6044 | D:6      | Noticed an oklob plant
  6057 | D:6      | Reached ***** piety under Trog
  6096 | D:6      | HP: 16/64 [acid (2)]
  6119 | D:6      | HP: 16/64 [acid (5)]
  6152 | D:6      | HP: 14/64 [acid (5)]
  6396 | D:6      | HP: 13/64 [acid (10)]
  6399 | D:6      | HP: 2/96 [acid (10)]
  6405 | D:6      | Killed from afar by an oklob plant

Skill      XL: |  1  2  3  4  5  6  7  8 |
---------------+-------------------------+-----
Axes           | 4 5 6 7 8 10 11 | 11.7
Armour         | 3 4 5 6 7 |  7.9
Fighting       | |  3.6
Dodging        | |  2.1

Action                   |  1- 3 |  4- 6 |  7- 9 || total
-------------------------+-------+-------+-------++-------
Melee: Hand axe          |    53 |   270 |   199 ||   522
       Headbutt          |     6 |    37 |    77 ||   120
       War axe           |       |       |    68 ||    68
Throw: Javelin           |       |       |     2 ||     2
Invok: Berserk           |     2 |     1 |     3 ||     6
       Trog's Hand       |       |       |     1 ||     1
  Use: Scroll            |       |     7 |     7 ||    14
  Eat: Chunk             |     1 |    10 |    11 ||    22
Armor: Animal skin       |     7 |       |       ||     7
       Chain mail        |     7 |   169 |   126 ||   302
       Skin              |       |       |     3 ||     3
Dodge: Dodged            |    29 |   134 |    91 ||   254

Vault maps used:
D:1:      dpeg_arrival_arbitrary_c
D:2:      first_ration, uniq_natasha
D:3:      marbit_many_paths, old_standard_altar, cheibrodos_sewer_entry_sluice,
          uniq_terence
D:4:      temple_statues
D:5:      lemuel_round_altar, dancing_weapons_uskayaw, trog_butcher_becter,
          uniq_ijyb
D:6:      lemuel_slime, gammafunk_temple_overflow_statue
Temple:   compressed_dpeg_circular_temple
Sewer:    sewer_frog_island_02

Table legend:
 A = Turns spent in this place as a percentage of turns spent in the entire game.
 B = Non-inter-level travel turns spent in this place as a percentage of non-inter-level travel turns spent in the entire game.
 C = Inter-level travel turns spent in this place as a percentage of turns spent in this place.
 D = Turns resting spent in this place as a percentage of non-inter-level travel turns spent in this place.
 E = Turns spent auto-exploring this place as a percentage of non-inter-level travel turns spent in this place.
 F = Non-inter-level travel turns spent in this place divided by the number of levels of this place that you've seen.
                   A       B       C       D       E      F
               +-------+-------+-------+-------+-------+----------------------
         Total | 100.0 | 100.0 |   5.0 |  15.1 |  58.9 | 760.5
       Dungeon |  87.6 |  87.5 |   5.1 |  13.8 |  63.5 | 887.3
        Temple |   1.8 |   1.4 |  28.4 |   0.0 |  94.0 |  83.0
         Sewer |  10.6 |  11.1 |   0.0 |  27.0 |  18.5 | 677.0
               +-------+-------+-------+-------+-------+----------------------

Table legend:
 A = Kills in this place as a percentage of kills in entire the game.
 B = Kills by you in this place as a percentage of kills by you in the entire game.
 C = Kills by friends in this place as a percentage of kills by friends in the entire game.
 D = Other kills in this place as a percentage of other kills in the entire game.
 E = Experience gained in this place as a percentage of experience gained in the entire game.
 F = Experience gained in this place divided by the number of levels of this place that you have seen.
                   A       B       C       D       E      F
               +-------+-------+-------+-------+-------+----------------------
         Total | 100.0 | 100.0 |   N/A |   N/A | 100.0 | 320.8
       Dungeon |  73.4 |  73.4 |   N/A |   N/A |  83.2 | 356.0
         Sewer |  26.6 |  26.6 |   N/A |   N/A |  16.8 | 430.0
               +-------+-------+-------+-------+-------+----------------------
